 Dungeon Crawl Stone Soup version 0.26-a0-708-g17f3b190f9 (webtiles) character file.

Game seed: 12218347010749997569

420 snetch the Conjurer (level 6, -5/32 HPs)
             Began as a Deep Elf Conjurer on Oct 28, 2020.
             Was an Initiate of Qazlal.
             Slain by an ogre
             ... wielding a +0 giant club
              (8 damage)
             ... on level 5 of the Dungeon.
             The game lasted 00:16:30 (3118 turns).

snetch the Conjurer (Deep Elf Conjurer)             Turns: 3118, Time: 00:16:31

Health: -5/32      AC:  8    Str:  4    XL:     6   Next: 62%
Magic:  12/16      EV:  9    Int: 25    God:    Qazlal [......]
Gold:   146        SH:  0    Dex: 16    Spells: 6/16 levels left

rFire    + . .     SeeInvis .   a - +0 dagger (venom)
rCold    + + .     Faith    .   (no shield)
rNeg     . . .     Spirit   .   E - +0 ring mail
rPois    .         Reflect  .   j - +0 helmet
rElec    .         Harm     .   l - scarf {rC+ rF+}
rCorr    .         Rampage  .   A - +1 pair of gloves {Dex+3}
MR       .....                  (no boots)
Stlth    ++........             (no amulet)
HPRegen  0.10/turn              v - ring of protection from cold
MPRegen  0.15/turn              (no ring)

@: no status effects
A: no striking features
a: Renounce Religion


You were on level 5 of the Dungeon.
You worshipped Qazlal.
Qazlal was noncommittal.
You visited 1 branch of the dungeon, and saw 5 of its levels.

You collected 146 gold pieces.

Inventory:

Hand Weapons
 a - a +0 dagger of venom (weapon)
 I - a +2 mace of protection
 K - a +0 war axe
 O - a +2 hand axe of pain
Missiles
 b - 101 stones
 c - 36 sling bullets
 f - 24 bolts
 m - 123 arrows
 y - a throwing net
 B - 12 poisoned darts (quivered)
 M - 4 boomerangs
Armour
 j - a +0 helmet (worn)
 l - a scarf of resistance (worn)
 n - a +0 scale mail
 o - a +0 leather armour
 A - a +1 pair of gloves of dexterity (worn)
 E - a +0 ring mail (worn)
 J - a +0 scale mail
 N - a +0 chain mail
Jewellery
 v - a ring of protection from cold (left hand)
Scrolls
 d - 3 scrolls of amnesia {unknown}
 h - 3 scrolls of magic mapping {unknown}
 i - a scroll of noise {unknown}
 p - a scroll of enchant armour {unknown}
 q - 3 scrolls of immolation {unknown}
 t - 2 scrolls of identify {unknown}
 u - 4 scrolls of remove curse {unknown}
 w - a scroll of random uselessness {unknown}
 x - 2 scrolls of teleportation {unknown}
 C - a scroll of blinking {unknown}
 F - a scroll of enchant weapon {unknown}
 G - a scroll of fear {unknown}
Potions
 e - a potion of lignification {unknown}
 g - 3 potions of curing {unknown}
 k - a potion of heal wounds {unknown}
 r - 2 potions of brilliance {unknown}
 s - a potion of haste {unknown}
 z - a potion of mutation {unknown}
 D - a potion of invisibility {unknown}
 H - a potion of resistance {unknown}
 L - a potion of cancellation {unknown}


   Skills:
 + Level 0.1 Fighting
 + Level 1.1 Short Blades
 + Level 1.2 Armour
 + Level 2.7 Dodging
 + Level 4.0 Stealth
 + Level 5.9 Spellcasting
 + Level 6.4 Conjurations


You had 6 spell levels left.
You knew the following spells:

 Your Spells              Type           Power        Failure   Level
a - Magic Dart            Conj           ####         3%          1
b - Searing Ray           Conj           #####.       4%          2
c - Dazzling Flash        Conj/Hex       ###...       34%         3
d - Fulminant Prism       Conj/Hex       ###.......   75%         4

Your spell library contained the following spells:

 Spells                   Type           Power        Failure   Level
 Iskenderun's Mystic Bla  Conj/Tloc      ###.....     75%         4


Dungeon Overview and Level Annotations

Branches:
Dungeon (5/15)
 Temple: D:4-7

Altars:
Qazlal


Message History

Magic restored.
You climb downwards.
The ogre barely misses you.
There is a stone staircase leading up here.
Casting: Magic Dart (safe; 3% risk of failure)
Confirm with . or Enter, or press ? or * to list all spells.
Aiming: Searing Ray (safe; 4% risk of failure)
Press: ? - help, Shift-Dir - straight line, f - ogre
Aim: an ogre, wielding a +0 giant club The searing ray hits the ogre!
The ogre is heavily wounded. (Press . to maintain the ray.)
The ogre hits you with a +0 giant club!!
Ouch! That really hurt!
* * * LOW HITPOINT WARNING * * *
The searing ray misses the ogre.
The ogre hits you with a +0 giant club.
* * * LOW HITPOINT WARNING * * *
The searing ray hits the ogre!
The ogre is almost dead.
The ogre hits you with a +0 giant club!
You die...

###.......###
#8.........8# ...#
#...).......## ...#
.....###.....##...#
)...## ##.....##..#
...8 #8[...8#..# ..
..## ###)[.##..#
#... ..
#......O..#...# .
##.......@...# #
#..........###
#...####.#†###
.....####...#†#
#.#### #.#.#.#
#######.########
.?.....)........
..####....#...##
#.O..# .#


You could see an ogre.

Vanquished Creatures
  A jelly (D:3)
  A quasit (D:5)
  An orc priest (D:5)
  4 orc wizards
  4 gnolls
  7 adders
  An ufetubus (D:5)
  An ooze (D:3)
  4 worms
  3 dart slugs
  A leopard gecko (D:3)
  7 orcs
  7 giant cockroaches
  7 goblins
  8 hobgoblins
  4 kobolds
  A ball python (D:3)
  10 bats
  6 frilled lizards
  A leopard gecko skeleton (D:4)
  A quokka skeleton (D:5)
  17 rats
97 creatures vanquished.

Notes
Turn   | Place    | Note
-------+----------+-------------------------------------------
     0 | D:1      | snetch the Deep Elf Conjurer began the quest for the Orb.
     0 | D:1      | Reached XP level 1. HP: 10/10 MP: 6/6
   320 | D:1      | Reached XP level 2. HP: 15/15 MP: 6/8
   412 | D:1      | Reached skill level 5 in Conjurations
   532 | D:1      | Learned a level 2 spell: Searing Ray
   665 | D:2      | Reached XP level 3. HP: 19/19 MP: 6/9
   900 | D:3      | Found a stormy altar of Qazlal.
   925 | D:3      | Reached XP level 4. HP: 24/24 MP: 7/11
  1274 | D:2      | Learned a level 3 spell: Dazzling Flash
  1288 | D:2      | Reached XP level 5. HP: 28/28 MP: 7/13
  1850 | D:2      | Reached skill level 6 in Conjurations
  2301 | D:3      | Reached skill level 1 in Short Blades
  2328 | D:3      | Reached skill level 5 in Spellcasting
  2891 | D:3      | Became a worshipper of Qazlal Stormbringer
  2924 | D:5      | Entered Level 5 of the Dungeon
  2948 | D:5      | Reached XP level 6. HP: 22/32 MP: 10/16
  2968 | D:5      | Reached skill level 1 in Armour
  3031 | D:4      | Learned a level 4 spell: Fulminant Prism
  3118 | D:5      | Slain by an ogre

Illustrated notes

Levels and vault maps discovered:
D:1:      minmay_arrival_shattered_statue, layout_loops_ring,
          minmay_rat_gold_closets
D:2:      layout_rooms
D:3:      layout_basic, nicolae_qazlal_eye_of_the_storm,
          minmay_misc_feat_four_crosses, hex_large, st_stairs_8,
          minmay_three_crescents
D:4:      layout_gridville, lemuel_doored_altar, uniq_ijyb, uniq_duvessa,
          uniq_grinder
D:5:      minmay_recursive_quarters, layout_rooms, marbit_many_paths,
          basic_altar, chequers_hall_statues_y

Skill      XL: |  1  2  3  4  5  6 |
---------------+-------------------+-----
Conjurations   | 5 6 |  6.4
Spellcasting   | 4 5 |  5.9
Stealth        | 3 4 |  4.0
Short Blades   | 1 |  1.1
Armour         | 1 |  1.2
Fighting       | |  0.1
Dodging        | |  2.7

Action                   |  1- 3 |  4- 6 || total
-------------------------+-------+-------++-------
Melee: Club              |     3 |       ||     3
       Unarmed           |     1 |       ||     1
       Dagger            |     4 |     7 ||    11
 Cast: Magic Dart        |    43 |    68 ||   111
       Searing Ray       |     4 |    17 ||    21
 Stab: Sleeping          |     3 |     1 ||     4
Armor: Leather armour    |     2 |     3 ||     5
       Ring mail         |       |    17 ||    17
Dodge: Dodged            |     8 |    20 ||    28

Table legend: (Time is in decaauts)
 A = Elapsed time spent in this place.
 B = Non-inter-level travel time spent in this place.
 C = Inter-level travel time spent in this place.
 D = Time resting spent in this place.
 E = Time spent auto-exploring this place.
 F = Levels seen in this place.
 G = Mean time per level.
                   A        B        C        D        E       F      G
               +--------+--------+--------+--------+--------+-----+--------+
         Total |   3126 |   2995 |    131 |    130 |   1747 |   5 |  625.2 |
       Dungeon |   3126 |   2995 |    131 |    130 |   1747 |   5 |  625.2 |
               +--------+--------+--------+--------+--------+-----+--------+

Top non-repeatable levels by time:
     D:1: 1081 daAuts
     D:2: 908 daAuts
     D:3: 904 daAuts
     D:4: 131 daAuts
     D:5: 99 daAuts
